 Dungeon Crawl Stone Soup version 0.21-a0-525-ga34b322 (webtiles) character file.

63 Amnesiac the Shooter (level 3, -7/29 HPs)
             Began as a Mummy Hunter on Dec 7, 2017.
             Killed from afar by Robin (18 damage)
             ... with a wand of flame (5)
             ... on level 2 of the Dungeon.
             The game lasted 00:02:10 (1721 turns).

Amnesiac the Shooter (Mummy Hunter)                 Turns: 1721, Time: 00:02:11

Health: -7/29      AC:  6    Str: 16    XL:     3   Next: 89%
Magic:  3/3        EV: 10    Int: 10    God:
Gold:   88         SH:  0    Dex: 12    Spells: 2/2 levels left

rFire    x . .     SeeInvis .   b - +0 short sword
rCold    + . .     Gourm    .   (no shield)
rNeg     + + +     Faith    .   d - +0 scale mail
rPois    ∞         Spirit   .   (no helmet)
rElec    .         Reflect  .   (no cloak)
rCorr    .         Harm     .   (no gloves)
MR       .....                  (no boots)
Stlth    ..........             (no amulet)
HPRegen  0.09/turn              (no ring)
MPRegen  0.08/turn              (no ring)

@: no status effects
A: no food or potions, fire vulnerability, cold resistance 1, negative energy
resistance 3, torment resistance, unbreathing
a: no special abilities


You were on level 2 of the Dungeon.
You were not hungry.

You visited 1 branch of the dungeon, and saw 2 of its levels.

You collected 88 gold pieces.

Inventory:

Hand Weapons
 a - a +1 shortbow
 b - a +0 short sword (weapon)
 i - a cursed +0 glaive
Missiles
 f - 13 sling bullets
Armour
 d - a +0 scale mail (worn)
Scrolls
 e - 5 scrolls of identify {!r, unknown}
 g - a scroll of remove curse {!r, unknown}
 h - a scroll of fog {!r, unknown}


   Skills:
 + Level 3.0 Fighting
 - Level 3.2 Bows
 - Level 2.0 Armour
 - Level 2.0 Dodging
 - Level 0.7 Stealth


You had 2 spell levels left.
You didn't know any spells.

Dungeon Overview and Level Annotations

Branches:
Dungeon (2/15)

Altars:

Annotations:
D:2 Robin, Sigmund


Innate Abilities, Weirdness & Mutations

You do not eat or drink.
Your flesh is vulnerable to fire.
You are immune to poison.
Your flesh is cold resistant. (rC+)
You are immune to negative energy. (rN+++)
You are immune to unholy pain and torment.
You can survive without breathing.


Message History

There is a stone staircase leading up here.
The hobgoblin hits you but does no damage.
The rat bites you but does no damage.
You climb upwards.
There is a stone staircase leading down here.
You closely miss the hobgoblin. The rat closely misses you.
The hobgoblin hits you but does no damage.
You hit the hobgoblin.
The hobgoblin is severely wounded.
The rat bites you but does no damage. The hobgoblin barely misses you.
The rat bites you but does no damage.
You hit the hobgoblin.
You kill the hobgoblin!
The rat bites you.
You hit the rat.
You kill the rat!
No target in view!
You climb downwards.
Level annotation: Robin, Sigmund The hobgoblin hits you but does no damage.
There is a stone staircase leading up here.
You barely miss the hobgoblin.
The hobgoblin hits you but does no damage.
You hit the hobgoblin but do no damage. The hobgoblin barely misses you.
Your scale mail prevents you from hitting the hobgoblin.
The hobgoblin hits you but does no damage.
Robin barely misses you.
You hit the hobgoblin.
The hobgoblin is severely wounded.
The hobgoblin closely misses you.
Robin roars a battlecry!
The hobgoblin goes into a battle-frenzy!
You completely miss the hobgoblin.
The hobgoblin is severely wounded.
The hobgoblin hits you but does no damage.
Robin says, "Duck!"
Robin closely misses you.
You hit the hobgoblin.
You kill the hobgoblin!
Your Fighting skill increases to level 3!
Robin closely misses you. Robin barely misses you.
You hit Robin but do no damage. Robin hits you but does no damage.
You closely miss Robin.
Robin says, "My goblins will feast on your bones."
Robin zaps a wand.
The puff of flame hits you! The fire burns you terribly!
It is a wand of flame (7).
You hit Robin.
Robin is lightly wounded.
Robin zaps a wand.
The puff of flame hits you! The fire burns you terribly!
* * * LOW HITPOINT WARNING * * *
You completely miss Robin.
Robin is lightly wounded.
Robin says, "My goblins will feast on your bones."
Robin zaps a wand.
The puff of flame misses you.
You hit Robin.
Robin is moderately wounded.
Robin laughs in a distinctly smug fashion.
Robin closely misses you.
Your scale mail prevents you from hitting Robin.
Robin is moderately wounded.
Robin zaps a wand.
The puff of flame hits you! The fire burns you terribly!
Ouch! That really hurt!
You die...

............ #...............
.........### #####.......########
.........# #...#.......#
..######## #.#.#.......#
..############.#.#.......########
..##....%...............r'..gg...
..'.......####'#.#....g..######.#
..#..#.##......)<#..g....# #.#
..#.###.#.......@#....g..# ####g#
..##.#)#.#.......g.......# #....!
##..#.###........##......# #g##.#
....##.#.........######### #.##.#
.........#.......# ....#####g##.#
....>....+.......' ..........##.#
.........#....%..# ..(#.#.####.#
.........#.......#######.#.## #+#
.........#...............g..#


You could see Robin.

Vanquished Creatures
  A gnoll (D:2)
  A dart slug (D:1)
  A ball python (D:1)
  3 bats
  4 giant cockroaches
  10 goblins
  12 hobgoblins
  4 kobolds (D:1)
  A frilled lizard (D:1)
  6 rats
43 creatures vanquished.

Notes
Turn   | Place    | Note
-------+----------+-------------------------------------------
     0 | D:1      | Amnesiac the Mummy Hunter began the quest for the Orb.
     0 | D:1      | Reached XP level 1. HP: 16/16 MP: 1/1
    97 | D:1      | Reached skill level 1 in Armour
   151 | D:1      | Reached XP level 2. HP: 20/22 MP: 2/2
  1092 | D:1      | Reached XP level 3. HP: 25/27 MP: 3/3
  1452 | D:2      | Noticed Sigmund
  1481 | D:2      | Noticed Robin
  1721 | D:2      | Killed from afar by Robin

Vault maps used:
D:1:      giann_horns, serial_forest, infiniplex_forest_clump_tiny,
          infiniplex_forest_clump_tiny, infiniplex_forest_clump_diagonal,
          infiniplex_forest_end_3, infiniplex_forest_straight_2, fountainhead
D:2:      nicolae_overflow_hidden_temple, gammafunk_temple_overflow_elements,
          first_bread, minmay_tripent, uniq_jessica, uniq_sigmund, uniq_robin

Skill      XL: |  1  2  3 |
---------------+----------+-----
Armour         | 1 2 |  2.0
Dodging        | 2 |  2.0
Fighting       | 3 |  3.0
Bows           | |  3.2
Stealth        | |  0.7

Action                   || total
-------------------------++-------
Melee: Short sword       ||   127
 Fire: Shortbow          ||    55
 Stab: Sleeping          ||     1
Armor: Leather armour    ||    35
       Scale mail        ||     7
Dodge: Dodged            ||   121

Table legend:
 A = Spawn XP
 B = Non-spawn XP
 C = Spawn XP percentage of total XP
 D = Spawn monster count
 E = Non-spawn monster count
 F = Spawn count percentage of total count
 G = Total turns spent on level
                    A         B        C        D         E        F      G
               +---------+---------+-------+---------+---------+-------+---------
         Total |       0 |      91 |   0.0 |       0 |      43 |   0.0 |  1721
               +---------+---------+-------+---------+---------+-------+---------
           D:1 |       0 |      49 |   0.0 |       0 |      26 |   0.0 |  1403
           D:2 |       0 |      42 |   0.0 |       0 |      17 |   0.0 |   318
               +---------+---------+-------+---------+---------+-------+---------
